Map: 아크로폴리스 - 래더

Players

TSGSolar (Solar)

  • Race: Zerg Zerg
  • Spawn Location: 11:00

Reynor - Winner!

  • Race: Zerg Zerg
  • League: Master
  • Spawn Location: 5:00

Event: HomeStory Cup XIX

VOD

Have the link to the VOD?

Description

Time

  • Played on: June 27, 2019, 7:51 a.m.
  • Length: 11:24

All games in this series

Show
View Real Time Build Order
Export as new Build Order

TSGSolar Zerg 

Build Orders: Hatch First 

Get SALT Encoding   

  12  0:01  Drone  
  13  0:12  Overlord  
  13  0:17  Drone  
  14  0:31  Drone x2  
  16  0:48  Hatchery  
  15  0:51  Drone  
  15  0:54  Drone  
  17  0:58  Drone  
  18  1:08  Extractor  
  17  1:13  Spawning Pool  
  17  1:15  Drone  
  17  1:20  Drone  
  18  1:28  Drone  
  19  1:38  Drone  
  20  1:48  Overlord  
  20  2:00  Queen x2  
  20  2:01  Drone x2  
  26  2:08  Metabolic Boost  
  26  2:11  Drone x2  
  28  2:22  Drone x2  
  30  2:33  Hatchery  
  30  2:36  Drone  
  31  2:37  Drone  
  31  2:46  Zergling x2, Baneling Nest  
  31  2:49  Drone  
  32  2:53  Overlord  
  32  2:54  Drone  
  33  3:04  Zergling x2  
  33  3:05  Drone  
  35  3:09  Drone  
  35  3:11  Drone x5  
  41  3:18  Zergling x2  
  42  3:23  Overlord  
  42  3:28  Drone  
  42  3:30  Zergling x2, Evolution Chamber  
  43  3:40  Drone  
  44  3:42  Queen  
  44  3:44  Zergling x2, Drone x2  
  44  3:45  Baneling, Drone  
  44  3:46  Drone  
  50  3:50  Overlord  
  50  3:57  Zergling x2  
  50  3:58  Drone  
  50  4:01  Zerg Missile Weapons Level 1, Drone  
  53  4:08  Drone x2  
  55  4:10  Drone  
  55  4:11  Roach Warren  
  55  4:12  Zergling x2  
  55  4:13  Drone  
  55  4:14  Drone x2  
  55  4:15  Drone x2, Extractor  
  55  4:17  Extractor  
  59  4:18  Lair  
  59  4:20  Overlord  
  59  4:23  Zergling x2  
  59  4:26  Zergling x2  
  59  4:28  Drone  
  61  4:32  Overlord  
  61  4:35  Drone  
  62  4:39  Drone  
  62  4:44  Drone x6  
  62  4:45  Drone  
  70  4:47  Drone  
  70  4:52  Extractor, Pneumatized Carapace  
  70  4:53  Drone, Extractor, Overlord  
  70  4:57  Drone  
  70  5:00  Baneling  
  70  5:01  Zergling x6  
  70  5:03  Drone  
  70  5:05  Drone  
  75  5:09  Overlord  
  75  5:12  Drone  
  76  5:16  Drone x4  
  76  5:17  Drone  
  76  5:20  Overseer  
  76  5:21  Drone  
  81  5:25  Overlord  
  81  5:26  Baneling x2  
  81  5:29  Drone x3  
  81  5:30  Extractor  
  81  5:31  Glial Reconstitution  
  81  5:33  Evolution Chamber, Overlord  
  81  5:34  Hatchery  
  85  5:35  Roach x2  
  85  5:36  Roach  
  85  5:41  Overlord  
  87  5:45  Roach  
  87  5:46  Overlord  
  87  5:53  Overseer, Roach x4  
  95  6:01  Roach x2  
  95  6:02  Roach x2, Overlord  
  103  6:05  Roach x3  
  109  6:11  Roach x2  
  109  6:13  Overlord  
  109  6:18  Zerg Missile Weapons Level 2  
  113  6:20  Drone  
  113  6:22  Roach, Spore Crawler  
  113  6:24  Zerg Ground Armor Level 1  
  115  6:27  Drone x2  
  115  6:29  Roach x5  
  115  6:31  Roach  
  129  6:36  Roach x3  
  135  6:40  Overlord x2  
  135  6:44  Overlord  
  136  6:47  Drone x2  
  136  6:50  Queen  
  136  6:51  Drone  
  140  6:54  Drone  
  140  6:55  Tunneling Claws, Burrow  
  140  7:00  Roach x4  
  149  7:10  Drone x2  
  149  7:11  Drone  
  149  7:12  Drone x2, Overlord  
  149  7:13  Drone x2  
  149  7:15  Ravager x3  
  152  7:17  Ravager  
  152  7:19  Roach x2  
  152  7:22  Roach x2  
  161  7:24  Overlord  
  161  7:28  Roach x2  
  161  7:29  Roach  
  164  7:33  Roach x2  
  164  7:35  Overlord  
  166  7:38  Roach x2  
  166  7:42  Roach x3  
  166  7:44  Overlord  
  174  7:46  Roach  
  174  7:47  Ravager  
  175  7:52  Overlord x2  
  175  7:53  Ravager  
  175  7:56  Extractor, Roach x2  
  172  8:02  Roach x2  
  172  8:03  Roach x4  
  172  8:04  Roach  
  167  8:06  Roach x2  
  167  8:10  Roach x2  
  167  8:12  Roach  
  160  8:13  Roach  
  160  8:16  Roach x2  
  160  8:18  Ravager  
  165  8:21  Roach x3  
  165  8:25  Roach x6  
  177  8:27  Roach  
  177  8:28  Overseer  
  177  8:32  Roach x2  
  177  8:33  Roach  
  183  8:34  Roach  
  183  8:36  Roach  
  183  8:38  Roach  
  183  8:40  Roach  
  191  8:42  Roach  
  191  8:47  Roach x2  
  195  8:49  Roach x2  
  195  8:50  Roach  
  195  8:53  Roach  
  195  8:54  Roach  
  199  8:56  Roach  
  199  8:58  Roach  
  199  8:59  Roach  
  199  9:01  Roach x2  
  188  9:05  Roach  
  188  9:06  Roach  
  188  9:08  Roach  
  175  9:11  Roach  
  175  9:12  Roach  
  175  9:13  Roach x4  
  173  9:17  Roach  
  173  9:22  Hatchery  
  173  9:24  Ravager x4  
  174  9:25  Roach  
  174  9:26  Overseer  
  174  9:30  Roach x3  
  180  9:33  Roach x2  
  182  9:38  Overseer  
  182  9:41  Roach x2  
  182  9:45  Roach  
  184  9:46  Roach x7  
  184  9:48  Roach  
  184  9:52  Roach  
  182  9:54  Roach  
  182  9:58  Roach  
  180  10:00  Roach x2  
  180  10:01  Roach x13  
  180  10:03  Overlord  
  180  10:06  Overlord  
  196  10:10  Overlord  
  184  10:14  Roach  
  184  10:17  Roach  
  160  10:22  Roach  
  160  10:25  Overseer  
  160  10:27  Roach x2  
  146  10:29  Ravager x3  
  146  10:31  Roach x3  
  146  10:32  Roach  
  146  10:33  Roach  
  146  10:34  Roach  
  155  10:39  Roach  
  155  10:40  Roach x3  
  155  10:41  Roach  
  161  10:43  Roach  
  161  10:45  Roach  
  161  10:49  Roach  
  161  10:51  Ravager  
  161  10:53  Roach x2  
  161  10:54  Roach  
  168  10:57  Roach  
  168  10:59  Roach  
  168  11:00  Roach  
  162  11:05  Roach x2  
Show
View Real Time Build Order
Export as new Build Order

Reynor Zerg - Winner!

Build Orders: Hatch First 

Get SALT Encoding   

  12  0:00  Drone  
  13  0:13  Overlord  
  13  0:16  Drone  
  14  0:32  Drone x2  
  16  0:48  Hatchery  
  15  0:51  Drone  
  15  0:55  Drone  
  17  0:58  Drone  
  18  1:09  Extractor  
  17  1:13  Spawning Pool  
  17  1:16  Drone  
  17  1:19  Drone  
  18  1:29  Drone  
  19  1:40  Drone  
  20  1:51  Overlord  
  20  1:59  Queen x2  
  20  2:00  Drone  
  25  2:02  Drone  
  26  2:10  Drone  
  26  2:12  Metabolic Boost, Drone  
  28  2:21  Drone  
  29  2:23  Drone  
  30  2:33  Hatchery  
  30  2:35  Drone  
  30  2:38  Drone  
  30  2:43  Drone  
  32  2:49  Baneling Nest  
  32  2:51  Drone  
  32  2:54  Overlord  
  32  2:57  Drone  
  33  3:04  Zergling x2  
  34  3:06  Drone  
  34  3:08  Drone  
  36  3:13  Drone x2  
  36  3:14  Zergling x2, Drone x2  
  36  3:15  Evolution Chamber  
  36  3:18  Drone  
  41  3:21  Queen  
  43  3:28  Overlord  
  43  3:31  Drone  
  44  3:34  Baneling  
  44  3:43  Zerg Missile Weapons Level 1  
  44  3:45  Overlord  
  44  3:46  Drone x6  
  50  3:50  Drone  
  50  3:51  Drone  
  52  3:57  Zergling x6  
  55  4:05  Drone  
  55  4:06  Drone  
  55  4:09  Drone  
  57  4:14  Overlord  
  57  4:16  Drone x2  
  59  4:18  Lair  
  59  4:20  Extractor  
  59  4:21  Drone x3, Extractor  
  60  4:24  Roach Warren  
  60  4:25  Baneling  
  60  4:28  Zergling x2  
  60  4:29  Drone  
  60  4:30  Drone x2  
  60  4:31  Drone x2  
  65  4:39  Overlord  
  65  4:40  Drone  
  65  4:42  Drone x2, Extractor  
  65  4:43  Extractor  
  65  4:44  Drone x4  
  70  4:46  Drone  
  70  4:50  Pneumatized Carapace  
  70  4:52  Overlord  
  71  4:55  Drone x2  
  73  5:01  Extractor  
  73  5:02  Drone x2  
  73  5:03  Drone x2  
  73  5:06  Drone x2  
  78  5:07  Evolution Chamber  
  76  5:16  Glial Reconstitution, Hatchery  
  76  5:18  Overseer  
  76  5:19  Overlord  
  75  5:22  Zergling x10  
  75  5:25  Roach x2  
  84  5:28  Roach  
  84  5:29  Roach x2  
  84  5:33  Zerg Ground Armor Level 1  
  90  5:36  Overlord  
  90  5:38  Overlord  
  90  5:40  Drone x2  
  90  5:41  Drone  
  92  5:50  Zerg Missile Weapons Level 2  
  92  5:51  Overlord  
  92  5:52  Drone x3  
  92  5:56  Queen  
  97  6:07  Drone x7  
  97  6:08  Baneling x4  
  104  6:14  Roach x5  
  114  6:19  Overlord  
  114  6:21  Roach  
  114  6:24  Roach  
  118  6:26  Roach  
  118  6:31  Drone x2, Overlord  
  122  6:33  Roach x2  
  122  6:38  Roach x2  
  130  6:42  Overlord  
  130  6:43  Roach x3, Overlord  
  130  6:45  Extractor  
  130  6:46  Overlord  
  135  6:53  Roach x4  
  143  6:56  Overlord x4  
  142  7:10  Roach  
  142  7:11  Roach x7  
  142  7:12  Ravager x3  
  142  7:13  Tunneling Claws, Burrow  
  142  7:14  Overlord  
  160  7:17  Spine Crawler, Ravager  
  160  7:20  Roach x5  
  170  7:29  Roach x6  
  177  7:33  Roach x3  
  180  7:37  Roach x3  
  180  7:38  Roach  
  187  7:44  Drone  
  187  7:45  Roach x4  
  187  7:46  Roach  
  187  7:49  Overlord  
  195  7:52  Baneling x2  
  195  7:53  Roach x2  
  195  8:00  Roach  
  195  8:01  Roach x5  
  195  8:03  Roach  
  186  8:07  Roach  
  186  8:11  Roach x2  
  175  8:13  Ravager  
  175  8:16  Ravager x3  
  175  8:18  Roach x4  
  185  8:20  Roach  
  185  8:21  Spore Crawler  
  185  8:23  Roach  
  185  8:26  Queen  
  188  8:29  Overseer  
  188  8:30  Roach x2  
  192  8:34  Roach x11  
  192  8:36  Roach x2  
  196  8:42  Spore Crawler  
  196  8:43  Roach x2  
  195  8:54  Roach  
  195  8:55  Roach x6  
  199  8:56  Overseer x2  
  199  9:02  Roach x8  
  199  9:05  Queen  
  199  9:09  Roach x3  
  191  9:12  Roach  
  168  9:19  Ravager  
  168  9:20  Ravager  
  168  9:21  Ravager  
  165  9:24  Roach x3  
  165  9:25  Roach  
  165  9:28  Roach x13  
  169  9:32  Roach x4  
  176  9:42  Roach x3  
  182  9:46  Roach  
  182  9:52  Roach x26  
  180  9:54  Roach x5  
  180  9:55  Roach x7  
  180  9:58  Roach  
  196  10:04  Roach x2  
  194  10:10  Roach x2  
  182  10:18  Roach  
  182  10:19  Roach x3  
  176  10:23  Roach x2  
  176  10:24  Roach  
  176  10:27  Drone x12  
  178  10:29  Roach x4  
  178  10:35  Roach x3  
  186  10:36  Queen  
  186  10:38  Roach x2  
  192  10:43  Ravager x3  
  192  10:44  Ravager  
  192  10:46  Roach x2  
  200  10:52  Roach x8  
  200  10:56  Extractor  
  199  10:57  Roach x2  
Tags
 
Add a new tag
Caveats
  • Supply blocks, unpowered buildings, or Contaminate may cause inaccurate times.
  • Supply counts are checked every 10 seconds.